AoeStats
← Kuriboh

Arena

510477219Analyzed
4v4 RM · 2d ago on Oct 1, 2026· 68m 32s· 8 players
Game mode
Random Map
Map size
Large (8 player)
Population
200
Speed
Normal
Resources
Standard
Victory
Conquest
Starting age
Dark Age
Ending age
Imperial Age
RankedLock teamsTeams togetherTeam positionsShared explorationLock speedFull tech treeHidden civsTurbo modeCheats
Victory
Defeat
🇲🇽 Bohemians · Mexico
1134
+13
1124
+14
🇲🇽 Persians · Mexico
1092
+15
🇲🇽 Khmer · Mexico
1079
+15
🇺🇸 Turks · United States
1097
-15
🇨🇳 Burmese · China
1084
-15
🇲🇽 Malians · Mexico
1074
-14
🇲🇽 Turks · Mexico
1044
-14
Sniper_Wolf
9:42 Loom
11:46 Feudal Age
16:30 Castle Age
14:43 Double-Bit Axe
14:52 Gold Mining
15:16 Horse Collar
16:12 Forging
17:01 Scale Mail Armor
18:00 Bow Saw
24:14 Arson
25:59 Iron Casting
26:39 Wheelbarrow
26:36 Squires
28:06 Chain Mail Armor
33:03 Imperial Age
31:23 Scale Barding Armor
31:51 Hand Cart
31:29 Town Watch
31:55 Heavy Plow
34:09 Conscription
33:44 Elite Gbeto
35:40 Plate Mail Armor
37:00 Light Cavalry
37:51 Bloodlines
37:41 Husbandry
38:10 Chain Barding Armor
38:33 Gold Shaft Mining
38:52 Hoardings
39:02 Crop Rotation
39:33 Farimba
40:05 Masonry
41:30 Plate Barding Armor
40:59 Town Patrol
43:28 Chemistry
42:49 Ballistics
42:59 Architecture
42:25 Murder Holes
46:34 Fletching
tonnyverygood
11:30 Feudal Age
15:37 Castle Age
14:19 Double-Bit Axe
20:49 Imperial Age
18:10 Horse Collar
19:29 Padded Archer Armor
19:46 Gold Mining
21:12 Leather Archer Armor
37:57 Loom
38:48 Wheelbarrow
41:31 Heavy Plow
41:48 Bow Saw
42:21 Gold Shaft Mining
42:43 Town Watch
43:40 Hand Cart
45:49 Ring Archer Armor
46:17 Artillery
47:07 Bloodlines
47:04 Husbandry
48:13 Scale Barding Armor
48:37 Conscription
49:16 Chain Barding Armor
50:44 Plate Barding Armor
51:39 Forging
52:41 Heavy Camel Rider
54:30 Iron Casting
56:27 Blast Furnace
59:01 Hoardings
killinserotonin
13:06 Feudal Age
14:00 Double-Bit Axe
14:57 Horse Collar
15:27 Gold Mining
17:40 Castle Age
22:06 Imperial Age
20:41 Padded Archer Armor
21:54 Leather Archer Armor
25:13 Wheelbarrow
24:24 Loom
26:46 Leather Archer Armor
28:51 Hand Cart
29:02 Bow Saw
30:54 Town Watch
33:10 Ring Archer Armor
37:53 Scale Barding Armor
37:59 Forging
38:14 Heavy Plow
39:17 Two-Man Saw
38:34 Bloodlines
38:26 Husbandry
39:26 Chain Barding Armor
41:04 Plate Barding Armor
43:57 Cavalier
45:45 Iron Casting
45:01 Fletching
47:48 Heavy Camel Rider
49:35 Blast Furnace
49:25 Bodkin Arrow
51:42 Squires
51:47 Devotion
854039402
5:17 Loom
10:29 Feudal Age
18:38 Castle Age
16:37 Stone Mining
16:57 Town Watch
16:55 Horse Collar
18:08 Gold Mining
20:12 Gold Shaft Mining
23:38 Treadmill Crane
33:08 Imperial Age
31:37 Wheelbarrow
31:13 Heavy Plow
30:45 Man-at-Arms
31:11 Gambesons
32:10 Fortified Wall
32:07 Scale Mail Armor
32:18 Forging
33:06 Hand Cart
32:19 Long Swordsman
33:00 Squires
32:49 Arson
33:22 Two-Handed Swordsman
33:24 Pikeman
34:22 Chain Mail Armor
34:42 Iron Casting
34:22 Murder Holes
34:48 Ballistics
35:34 Iron Casting
34:22 Halberdier
36:12 Plate Mail Armor
35:34 Fletching
36:32 Conscription
36:59 Crop Rotation
37:02 Manipur Cavalry
37:09 Scale Barding Armor
37:18 Bloodlines
37:09 Husbandry
36:32 Light Cavalry
37:58 Bodkin Arrow
39:03 Blast Furnace
38:07 Husbandry
38:43 Caravan
39:39 Chain Barding Armor
40:20 Blast Furnace
38:45 Champion
39:28 Bracer
40:05 Hussar
41:23 Plate Barding Armor
44:06 Town Patrol
53:29 Sanctity
53:19 Fervor
53:25 Block Printing
53:35 Illumination
61:38 Redemption
61:29 Devotion
61:29 Atonement
Black Mamba
11:03 Feudal Age
15:33 Castle Age
14:04 Double-Bit Axe
17:31 Loom
23:01 Wheelbarrow
26:39 Imperial Age
27:22 Padded Archer Armor
27:12 Fletching
28:04 Ballistics
28:57 Elite Skirmisher
29:40 Town Watch
30:10 Scale Mail Armor
30:28 Leather Archer Armor
34:15 Bodkin Arrow
39:45 Ring Archer Armor
40:28 Bracer
41:32 Bow Saw
47:38 Hand Cart
48:56 Pikeman
49:40 Scale Mail Armor
49:51 Forging
53:39 Chemistry
52:17 Halberdier
52:36 Crossbowman
53:41 Chain Mail Armor
54:02 Iron Casting
55:45 Conscription
59:23 Plate Mail Armor
60:19 Squires
62:35 Blast Furnace
61:21 Arbalester
64:34 Siege Engineers
64:40 Masonry
64:43 Fortified Wall
67:04 Conscription
Pinhead Larry
10:27 Feudal Age
16:29 Castle Age
14:34 Double-Bit Axe
15:01 Horse Collar
18:22 Scale Barding Armor
27:19 Husbandry
27:30 Bloodlines
30:59 Imperial Age
28:39 Husbandry
29:18 Murder Holes
29:36 Masonry
30:12 Forging
30:08 Heavy Plow
30:26 Loom
31:16 Wheelbarrow
30:27 Town Watch
31:46 Chain Barding Armor
33:47 Iron Casting
35:14 Bloodlines
34:24 Light Cavalry
35:56 Plate Barding Armor
37:13 Conscription
38:53 Blast Furnace
37:44 Fletching
39:28 Elite War Elephant
40:08 Bodkin Arrow
41:29 Hussar
43:57 Gold Mining
43:57 Stone Mining
45:19 Gold Shaft Mining
47:54 Stone Shaft Mining
47:44 Fervor
51:35 Caravan
54:06 Coinage
59:27 Devotion
Picador Criminal Mutilador
11:49 Feudal Age
15:29 Castle Age
15:05 Horse Collar
15:19 Double-Bit Axe
16:06 Loom
27:22 Imperial Age
24:47 Town Watch
25:16 Heavy Plow
26:01 Wheelbarrow
26:00 Bow Saw
25:50 Gold Mining
25:54 Stone Mining
27:28 Fortified Wall
27:29 Masonry
28:11 Hand Cart
29:39 Chemistry
28:25 Heavy Scorpion
29:50 Siege Engineers
31:22 Gold Shaft Mining
31:23 Stone Shaft Mining
33:33 Fletching
45:06 Caravan
46:28 Fletching
46:49 Forging
46:39 Scale Mail Armor
46:45 Scale Barding Armor
48:08 Ballistics
47:44 Murder Holes
47:46 Bodkin Arrow
48:54 Coinage
48:35 Guilds
51:30 Banking
52:34 Town Patrol
54:51 Masonry
54:27 Arrowslits
54:33 Guard Tower
54:11 Pikeman
54:37 Gambesons
54:37 Arson
54:13 Man-at-Arms
55:30 Iron Casting
55:10 Chain Mail Armor
55:00 Scale Barding Armor
54:57 Padded Archer Armor
57:36 Furor Celtica
57:18 Stronghold
57:49 Conscription
58:05 Hoardings
57:15 Elite Woad Raider
58:28 Sappers
69:44 Blast Furnace
69:14 Plate Mail Armor
69:05 Chain Barding Armor
69:00 Leather Archer Armor
68:37 Heated Shot
68:58 Careening
69:23 Keep
68:58 Clinker Construction
69:08 Shipwright
68:13 Capped Ram
68:13 Onager
Kuriboh
5:53 Loom
11:21 Feudal Age
14:30 Horse Collar
17:41 Castle Age
19:12 Double-Bit Axe
23:30 Heavy Plow
24:12 Wheelbarrow
24:11 Town Watch
25:02 Bow Saw
26:19 Fortified Wall
28:35 Hand Cart
33:23 Imperial Age
32:37 Gold Mining
33:12 Husbandry
33:20 Scale Barding Armor
33:30 Bloodlines
34:54 Chain Barding Armor
34:29 Cavalier
36:17 Onager
39:19 Crop Rotation
39:59 Gold Shaft Mining
40:02 Conscription
41:29 Plate Barding Armor
41:05 Forging
42:07 Chemistry
41:13 Siege Engineers
41:20 Masonry
43:44 Iron Casting
49:29 Light Cavalry
53:14 Caravan
60:33 Blast Furnace
66:50 Double Crossbow
Connection lost

Rejoining the realm…

Still unreachable

The connection could not be restored.

Session expired

The server has moved on; the page needs a fresh start.